 Dungeon Crawl Stone Soup version 0.21.0-3-g78d12a8 (webtiles) character file.

142 Ghouzt the Chopper (level 5, -4/70 HPs)
             Began as a Hill Orc Fighter on Jan 8, 2018.
             Was an Initiate of Qazlal.
             Slain by an ogre
             ... wielding a +0 giant club
             ... created by the fury of Okawaru
              (14 damage)
             ... on level 3 of the Dungeon.
             The game lasted 00:08:25 (2523 turns).

Ghouzt the Chopper (Hill Orc Fighter)               Turns: 2523, Time: 00:08:26

Health: -4/70      AC: 22    Str: 19 (22) XL:     5   Next: 24%
Magic:  5/5        EV:  2    Int:  5 (8)  God:    Qazlal [......]
Gold:   109        SH:  9    Dex:  8 (10) Spells: 4/4 levels left

rFire    . . .     SeeInvis .   a - +0 war axe
rCold    . . .     Gourm    .   c - +0 shield
rNeg     + + +     Faith    .   (armour currently unavailable)
rPois    +         Spirit   .   (helmet currently unavailable)
rElec    .         Reflect  .   (cloak currently unavailable)
rCorr    .         Harm     .   (gloves currently unavailable)
MR       .....     NoTele   +   (boots currently unavailable)
Stlth    +.........             (no amulet)
HPRegen  0.21/turn              j - ring of wizardry
MPRegen  0.09/turn              (no ring)

@: tree-form
A: deterioration 1, strong 1
a: Renounce Religion


You were on level 3 of the Dungeon.
You worshipped Qazlal.
Qazlal was noncommittal.
You were not hungry.
You were a tree.
You visited 1 branch of the dungeon, and saw 3 of its levels.

You collected 109 gold pieces.

Inventory:

Hand Weapons
 a - a +0 war axe (weapon)
Armour
 b - a +0 scale mail (melded)
 c - a +0 shield (worn)
Jewellery
 j - a ring of wizardry (left branch)
Wands
 d - a wand of flame (22)
Scrolls
 e - a scroll of remove curse
 k - 2 scrolls of magic mapping {unknown}
 l - 2 scrolls of identify {unknown}
 n - a scroll of teleportation {unknown}
 p - 2 scrolls of enchant armour {unknown}
Potions
 m - 2 potions of curing
 q - a potion of degeneration
Comestibles
 f - 7 rations
 i - 3 chunks of flesh


   Skills:
 + Level 4.4 Fighting
 * Level 4.9 Axes
 + Level 4.0 Armour
 + Level 4.0 Shields


You had 4 spell levels left.
You didn't know any spells.

Dungeon Overview and Level Annotations

Branches:
Dungeon (3/15)

Altars:
Okawaru
Qazlal


Innate Abilities, Weirdness & Mutations

((Your flesh is very cold resistant. (rC++)))
Your body sometimes deteriorates upon taking damage.
Your muscles are strong. (Str +2)


Message History

The ogre is heavily wounded.
The ogre hits you with a giant club!
You barely miss the ogre.
The ogre is heavily wounded.
The ogre hits you with a giant club.
* * * LOW HITPOINT WARNING * * *
You slash the ogre!
The ogre is almost dead.
The ogre barely misses you.
You completely miss the ogre.
The ogre is almost dead.
You block the ogre's attack.
You hit the ogre but do no damage.
The ogre is almost dead.
The ogre hits you with a giant club!
* * * LOW HITPOINT WARNING * * *
You hit the ogre but do no damage.
The ogre is almost dead.
The ogre hits you with a giant club!
You die...

### #.. #.. #.. #..
#..
####################..
#...O♣................
#g##############.####.
#.###.......####.####.
#...'O......').g....'.
#####.......####.####.
####....# #.# ##.
........###.###..
..O......#........
#.........#.#...#.#


You could see an ogre and a gnoll sergeant.

Vanquished Creatures
  4 gnolls (D:3)
  4 adders
  2 worms (D:2)
  A dart slug (D:2)
  3 leopard geckos
  2 orcs (D:3)
  3 giant cockroaches
  9 goblins
  3 hobgoblins
  4 jackals (D:1)
  4 kobolds
  A quokka (D:3)
  6 bats
  8 frilled lizards
  5 rats
59 creatures vanquished.

Notes
Turn   | Place    | Note
-------+----------+-------------------------------------------
     0 | D:1      | Ghouzt the Hill Orc Fighter began the quest for the Orb.
     0 | D:1      | Reached XP level 1. HP: 19/19 MP: 1/1
   159 | D:1      | Reached XP level 2. HP: 27/27 MP: 2/2
   695 | D:2      | Reached XP level 3. HP: 24/33 MP: 3/3
  1175 | D:2      | Found an iron altar of Okawaru.
  1184 | D:2      | Became a worshipper of Warmaster Okawaru
  1299 | D:2      | Reached XP level 4. HP: 37/40 MP: 4/4
  2105 | D:3      | Reached XP level 5. HP: 17/47 MP: 5/5
  2418 | D:3      | Found a stormy altar of Qazlal.
  2423 | D:3      | Fell from the grace of Okawaru
  2423 | D:3      | Became a worshipper of Qazlal Stormbringer
  2488 | D:3      | Noticed an ogre
  2511 | D:3      | Gained mutation: Your flesh is cold resistant. (rC+) [potion of mutation]
  2511 | D:3      | Gained mutation: Your body sometimes deteriorates upon taking damage. [potion of mutation]
  2511 | D:3      | Gained mutation: Your flesh is very cold resistant. (rC++) [potion of mutation]
  2511 | D:3      | Gained mutation: Your muscles are strong. (Str +2) [potion of mutation]
  2523 | D:3      | Slain by an ogre

Skill      XL: |  1  2  3  4 |
---------------+-------------+-----
Axes           | 3 4 |  4.9
Fighting       | 4 |  4.4
Armour         | 4 |  4.0
Shields        | 4 |  4.0

Action                   |  1- 3 |  4- 6 || total
-------------------------+-------+-------++-------
Melee: War axe           |   135 |   134 ||   269
  Use: Potion            |       |     6 ||     6
       Scroll            |       |     2 ||     2
  Eat: Chunk             |     2 |     4 ||     6
Armor: Scale mail        |    43 |    62 ||   105
       Skin              |       |     3 ||     3
Dodge: Dodged            |    50 |    45 ||    95
Block: Shield            |    67 |    82 ||   149
